 Dungeon Crawl Stone Soup version 0.30.1-9-gdf580d7c3d (webtiles) character file.

Game seed: 18044082576497902251

8820 ChiefBigBeans the Fighter (level 11, -18/120 HPs)
             Began as a Troll Berserker on Oct 3, 2023.
             Was a High Priest of Trog.
             Demolished by Erolcha
             ... wielding a +0 giant spiked club
              (33 damage)
             ... on level 10 of the Dungeon.
             The game lasted 00:18:20 (8079 turns).

ChiefBigBeans the Fighter (Troll Berserker)         Turns: 8079, Time: 00:18:20

Health: -18/120    AC: 14    Str: 32    XL:     11   Next: 14%
Magic:  3/3        EV: 10    Int:  5    God:    Trog [*****.]
Gold:   588        SH:  0    Dex: 13    Spells: 10/10 levels left

rFire   + + .        y - +0 giant spiked club (antimagic)
rCold   . . .        (shield currently unavailable)
rNeg    . . .        b - +4 steam dragon scales "Moytwisaol" {rF+}
rPois   .            (helmet restricted)
rElec   +            e - +2 cloak
rCorr   .            (gloves unavailable)
SInv    .            (boots unavailable)
Will    .....        l - amulet of the acrobat
Stlth   +            h - +6 ring of dexterity
HPRegen 1.20/turn    k - ring of Inyran {Wiz rElec rF+ Str+3 Dex-2}
MPRegen 0.08/turn

%: acrobat, wizardry (x1)
@: lethally poisoned (-18 -> -19), slowed, very slow
A: large, unfitting armour, claws 3, regeneration 1, shaggy fur 1, tough skin 1
a: Renounce Religion, Berserk, Trog's Hand, Brothers in Arms


You were on level 10 of the Dungeon.
You worshipped Trog.
Trog was extremely pleased with you.
You visited 1 branch of the dungeon, and saw 10 of its levels.
You also visited: Sewer.

You collected 588 gold pieces.

Inventory:

Hand Weapons
 y - a +0 antimagic giant spiked club (weapon)
Armour
 b - the +4 steam dragon scales "Moytwisaol" (worn) {rF+}
   (You acquired it on level 3 of the Dungeon)

   rF:        It protects you from fire.
 e - a +2 cloak (worn)
Jewellery
 h - a +6 ring of dexterity (left claw)
 k - the ring of Inyran (right claw) {Wiz rElec rF+ Str+3 Dex-2}
   (You found it on level 2 of the Dungeon)

   [ring of wizardry]

   It improves your spell success rate.
   Str:       It affects your strength (+3).
   Dex:       It affects your dexterity (-2).
   rF:        It protects you from fire.
   rElec:     It insulates you from electricity.
 l - an amulet of the acrobat (around neck)
Wands
 i - a wand of polymorph (9)
 t - a wand of flame (23)
Scrolls
 c - a scroll of enchant armour
 d - 3 scrolls of teleportation
 f - a scroll of fear
 g - 4 scrolls of identify
 j - a scroll of summoning
 o - a scroll of poison
Potions
 a - a potion of curing {unknown}
 m - a potion of cancellation
 p - a potion of might


   Skills:
 + Level 11.0 Fighting
 + Level 11.0 Maces & Flails
 - Level 2.4 Dodging
 - Level 3.0 Unarmed Combat


You had 10 spell levels left.
You didn't know any spells.
Your spell library was empty.

Dungeon Overview and Level Annotations

Branches:
Dungeon (10/15)            Temple (0/1) D:7            Lair (0/5) D:9
  Sewer (visited)
    Orc: D:9-12

Altars:
Dithmenos
Elyvilon
Fedhas
Gozag
Kikubaaqudgha
Nemelex Xobeh
Qazlal
Ru
Sif Muna
Trog
Uskayaw
Vehumet
Zin
The Shining One

Shops:
D:2 (

Annotations:
D:10 1 transporter, Erolcha


Innate Abilities, Weirdness & Mutations

You are too large for most types of armour.
You have claws for hands.
Your natural rate of healing is unusually fast.
You are covered in fur. (AC +1)
You have tough skin. (AC +1)


Message History

You barely miss something.
A kobold comes into view. It is wielding a +0 club.
You hear some strange, mumbled words.
A kobold comes into view. It is wielding a +0 whip.
A kobold brigand comes into view.
It is wielding a +0 dagger and quivering curare-tipped darts.
The kobold brigand shouts!
The kobold shouts!
The kobold throws a stone.
The stone completely misses you.
You closely miss the kobold. The kobold hits you but does no damage.
You puncture the kobold!
You kill the kobold!
Trog accepts your kill. The two-headed ogre barely misses you.
The two-headed ogre hits you with a +0 giant spiked club.
The kobold brigand throws a curare-tipped dart.
The curare-tipped dart hits you.
You are poisoned.
You have difficulty breathing.
You feel yourself slow down.
A kobold comes into view. It is wielding a +0 whip.
You feel very sick.
The kobold shouts! x2
The two-headed ogre barely misses you.
The two-headed ogre completely misses you.
A kobold comes into view. It is wielding a +0 dagger.
Things that are here:
a +0 short sword; a kobold corpse Something closely misses you.
The two-headed ogre attacks as you move away!
The two-headed ogre completely misses you.
The two-headed ogre closely misses you.
You feel sick. The kobold brigand closely misses you.
A wraith comes into view.
Things that are here:
a +0 shortbow; a centaur corpse You closely miss the kobold brigand.
You feel sick.
The two-headed ogre hits you with a +0 giant club!
* * * LOW HITPOINT WARNING * * *
The two-headed ogre hits you with a +0 giant spiked club!
* * * LOW HITPOINT WARNING * * *
Something hits you!!
You die...

.# ....... ..#..##. ©
.##...... .....#G ...
$#.....# .....###.
..###.....# . ....©##.
.##©....## .. ..##.##
##.##...# #... .....#
#..#..##..... .....##
##.{.......... ......##
##.@OK.........
.......#######.)K)K........#
.............)#.#...........
..............####..K.......
..............# #..K....#..
.............## ....K#W## .
.............# ...#..#/.#
...................#.......
.............#.......... .#


You could see a two-headed ogre, a wraith, a kobold brigand and 5 kobolds.

Vanquished Creatures
  Erica (D:8)
  A centaur warrior (D:8)
  A two-headed ogre (D:9)
  Pikel (D:8)
  2 trolls
  4 yaks (D:9)
  Eustachio (D:5)
  Grum (D:8)
  A vampire mosquito (D:8)
  Edmund (D:5)
  An acid dragon (D:8)
  2 water moccasins
  5 orc warriors
  3 ice beasts
  4 sky beasts
  A black bear (D:5)
  2 ogres
  3 wolves (D:8)
  2 centaurs
  A phantom (D:5)
  3 kobold brigands
  3 bullfrogs
  A scorpion (D:6)
  20 wights
  11 killer bees (D:9)
  4 howler monkeys
  2 jellies (D:5)
  6 orc priests
  5 iguanas
  2 sleepcaps (D:6)
  7 orc wizards
  A hell rat (Sewer)
  Robin (D:4)
  9 adders
  6 gnolls
  A river rat (Sewer)
  A white imp (D:6)
  2 ufetubi
  6 dart slugs
  35 orcs
  6 bats
  4 endoplasms
  A giant cockroach (D:2)
  10 goblins
  10 hobgoblins
  4 jackals (D:3)
  19 kobolds
  7 quokkas
  9 ball pythons
  4 frilled lizards
  15 rats
253 creatures vanquished.

Vanquished Creatures (others)
  11 killer bees (D:9)
11 creatures vanquished.

Grand Total: 264 creatures vanquished

Notes
Turn   | Place    | Note
-------+----------+-------------------------------------------
     0 | D:1      | ChiefBigBeans the Troll Berserker began the quest for the
                  | Orb.
     0 | D:1      | Reached XP level 1. HP: 22/22 MP: 0/0
   286 | D:1      | Reached XP level 2. HP: 26/31 MP: 1/1
   791 | D:2      | Reached ** piety under Trog
   792 | D:2      | Reached XP level 3. HP: 37/37 MP: 2/2
   849 | D:2      | Found Fouleut's Antique Weapon Emporium.
  1045 | D:2      | Identified the ring of Inyran {Wiz rElec rF+ Str+3 Dex-2}
  1251 | D:2      | Reached XP level 4. HP: 49/49 MP: 3/3
  1615 | D:3      | Reached XP level 5. HP: 54/55 MP: 4/4
  1790 | D:3      | Found a glowing drain.
  1806 | Sewer    | Entered a sewer
  1843 | Sewer    | Reached *** piety under Trog
  1852 | Sewer    | Reached skill level 5 in Fighting
  1961 | D:3      | Identified a scroll of acquirement
  1961 | D:3      | Acquired the +4 steam dragon scales "Moytwisaol" {rF+}
  2450 | D:3      | Found a faded altar of an unknown god.
  2562 | D:4      | Reached XP level 6. HP: 67/67 MP: 5/5
  2596 | D:4      | Found a blossoming altar of Fedhas.
  2691 | D:4      | Noticed Robin
  2791 | D:4      | Killed Robin
  2822 | D:4      | Found a glowing golden altar of the Shining One.
  3398 | D:5      | Entered Level 5 of the Dungeon
  3588 | D:5      | Noticed Edmund
  3602 | D:5      | Killed Edmund
  3603 | D:5      | Reached XP level 7. HP: 51/76 MP: 6/6
  3638 | D:5      | Noticed Eustachio
  3661 | D:5      | Killed Eustachio
  3662 | D:5      | Reached skill level 1 in Maces & Flails
  3680 | D:5      | Found a radiant altar of Vehumet.
  3732 | D:5      | Reached **** piety under Trog
  3926 | D:5      | Reached XP level 8. HP: 79/87 MP: 7/7
  4075 | D:6      | Found a shimmering blue altar of Sif Muna.
  4235 | D:6      | Reached skill level 5 in Maces & Flails
  4897 | D:7      | Reached XP level 9. HP: 26/96 MP: 8/8
  4979 | D:7      | Found a sacrificial altar of Ru.
  5092 | D:7      | Reached ***** piety under Trog
  5144 | D:7      | HP: 1/83 [orc warrior/+0 mace (4)]
  5289 | D:7      | Found a staircase to the Ecumenical Temple.
  5398 | D:7      | Found a stormy altar of Qazlal.
  5729 | D:8      | Noticed Grum
  5739 | D:8      | Killed Grum
  5743 | D:8      | Received a gift from Trog
  5876 | D:8      | Found an ancient bone altar of Kikubaaqudgha.
  5977 | D:8      | Reached XP level 10. HP: 102/105 MP: 3/9
  6107 | D:8      | Noticed a centaur warrior
  6137 | D:8      | Noticed a death knight
  6153 | D:8      | Noticed Pikel
  6167 | D:8      | Killed Pikel
  6199 | D:8      | Noticed Erica
  6216 | D:8      | Killed Erica
  6313 | D:8      | Reached skill level 10 in Fighting
  6372 | D:8      | Killed a centaur warrior
  6373 | D:8      | Reached skill level 10 in Maces & Flails
  6545 | D:8      | Found a glowing silver altar of Zin.
  7141 | D:9      | Noticed a two-headed ogre
  7148 | D:9      | Killed a two-headed ogre
  7458 | D:9      | Reached XP level 11. HP: 119/119 MP: 3/10
  7545 | D:9      | Found a hide-covered altar of Uskayaw.
  7548 | D:9      | Found a white marble altar of Elyvilon.
  7549 | D:9      | Found a sparkling altar of Nemelex Xobeh.
  7645 | D:9      | Found a staircase to the Lair.
  7798 | D:9      | Found a shadowy altar of Dithmenos.
  7801 | D:9      | Found a bloodstained altar of Trog.
  7975 | D:10     | Entered Level 10 of the Dungeon
  7995 | D:10     | Found an opulent altar of Gozag.
  8024 | D:10     | Noticed a glowing orange brain
  8047 | D:10     | Found a transporter.
  8048 | D:10     | Noticed Erolcha
  8069 | D:10     | Noticed a two-headed ogre
  8079 | D:10     | Demolished by Erolcha

Illustrated notes

Levels and vault maps discovered:
D:1:      dpeg_arrival_solitude, layout_basic, grunt_decor_mini_mirrors,
          dreamdust_princess_corridor, minmay_misc_feat_pillars
D:2:      layout_loops_corners, serial_shops, nicolae_shop_stone, minmay_cupped
D:3:      layout_basic, portal_sewer_entry_b,
          shapermc_ecumenical_altar_mp_urbaneastern
D:4:      layout_loops_ring, nicolae_overflow_crystal_walls,
          mainiacjoe_overflow_catwalk, hex_large, uniq_robin
D:5:      layout_basic, vehumet_crystals, uniq_eustachio, uniq_edmund
D:6:      layout_loops_ring, mainiacjoe_overflow_small_starburst
D:7:      layout_cave_pools, nicolae_ru_sacrificial_ziggurat,
          nicolae_qazlal_general_emergency, minmay_temple_entry_offerings
D:8:      layout_loops_corners, kiku_gazebo_pond_becter, zin_statuary,
          minmay_diamond_spiral, uniq_erica, uniq_grum, uniq_pikel
D:9:      layout_basic, nicolae_overflow_hidden_temple,
          chequers_temple_overflow_statue_of_worship, lair_entry_dummy,
          lemuel_flamethrower_2
D:10:     gammafunk_jiyva_shrine, layout_cave_pools, grunt_gozag_breadcrumbs,
          orc_0_dummy, nicolae_trove_entry_crossroad, minmay_statues_item,
          uniq_erolcha, uniq_joseph

Skill      XL: |  1  2  3  4  5  6  7  8  9 10 11 |
---------------+----------------------------------+-----
Fighting       | 3 4 5 6 7 8 9 10 11 | 11.0
Maces & Flails | 3 6 8 10 11 | 11.0
Dodging        | |  2.4
Unarmed Combat | |  3.0

Action                     |  1- 3 |  4- 6 |  7- 9 | 10-12 || total
---------------------------+-------+-------+-------+-------++-------
  Melee: Unarmed           |    94 |   163 |    45 |       ||   302
         Punch             |     1 |     2 |     4 |       ||     7
         Giant club        |       |       |   182 |       ||   182
         Giant spiked club |       |       |    41 |   193 ||   234
    Use: Scroll            |       |     7 |    18 |     7 ||    32
         Potion            |       |       |     1 |     2 ||     3
   Stab: Sleeping          |     1 |     1 |     1 |     1 ||     4
 Armour: Animal skin       |    29 |    15 |       |       ||    44
         Steam dragon scal |       |    67 |   213 |   179 ||   459
  Dodge: Dodged            |    42 |   134 |   238 |   233 ||   647
